 Dungeon Crawl Stone Soup version 0.31-a0-263-ge8cad7f256 (webtiles) character file.

Game seed: 11280957456591918345

31707 Demosthentine the Anamnesiscian (level 13, -11/96 HPs)
             Began as a Demonspawn Gladiator on July 14, 2023.
             Was an Elder of Hepliaklqana.
             Shot with an arrow by a centaur warrior (21 damage)
             ... on level 13 of the Dungeon.
             The game lasted 00:16:22 (13491 turns).

Demosthentine the Anamnesiscian (DsGl)             Turns: 13491, Time: 00:16:22

Health: -11/96     AC:  6    Str: 21    XL:     13   Next: 27%
Magic:  22/22      EV: 19    Int: 11    God:    Hepliaklqana [****..]
Gold:   2589       SH:  0    Dex: 19    Spells: 12/12 levels left

rFire   + . .        a - +1 trident (vamp)
rCold   + . .        (no shield)
rNeg    + . .        i - +1 leather armour "Cyul" {rF+ rN+ Int+2 SInv}
rPois   .            (helmet restricted)
rElec   .            (no cloak)
rCorr   .            c - +0 pair of gloves of Dyulud {Dex+2}
SInv    +            (no boots)
Will    +....        z - amulet of regeneration
Stlth   +            g - ring of willpower
HPRegen 1.16/turn    H - ring "Jusicwel" {rC+ Str+3 Slay+4}
MPRegen 0.18/turn

%: no passive effects
@: studying Maces & Flails
A: reduced essence, hooves 2, horns 2, foul stench 1, spiny 1, weakness stinger
1
a: Renounce Religion, Recall Ancestor, Ancestor Identity, Transference, Idealise


You were on level 13 of the Dungeon.
You worshipped Hepliaklqana.
Hepliaklqana was greatly pleased with you.
You visited 2 branches of the dungeon, and saw 14 of its levels.
You also visited: Sewer.

You collected 3181 gold pieces.
You spent 592 gold pieces at shops.

Inventory:

Hand Weapons
 a - a +1 vampiric trident (weapon)
 A - a +0 trident of flaming
 D - the +8 demon blade "Leech" {evervamp, Harm Drain rN+}
   (You found it on level 8 of the Dungeon)

   rN:        It protects you from negative energy.
   Drain:     It drains your maximum health when unequipped.
   Harm:      It increases damage dealt and taken.
Missiles
 e - 4 javelins
Armour
 c - the +0 pair of gloves of Dyulud (worn) {Dex+2}
   (You bought it in a shop on level 2 of the Dungeon)

   Dex:       It affects your dexterity (+2).
 i - the +1 leather armour "Cyul" (worn) {rF+ rN+ Int+2 SInv}
   (You bought it in a shop on level 4 of the Dungeon)

   Int:       It affects your intelligence (+2).
   rF:        It protects you from fire.
   rN:        It protects you from negative energy.
   SInv:      It lets you see invisible.
Jewellery
 g - a ring of willpower (left hand)
 l - a ring of positive energy
 z - an amulet of regeneration (around neck)
 H - the ring "Jusicwel" (right hand) {rC+ Str+3 Slay+4}
   (You acquired it on level 11 of the Dungeon)

   [ring of slaying]

   Str:       It affects your strength (+3).
   Slay:      It affects your accuracy & damage with ranged weapons and melee
   (+4).
   rC:        It protects you from cold.
Talismans
 n - a serpent talisman
 E - a maw talisman
Wands
 d - a wand of light (4)
 s - a wand of flame (16)
 u - a wand of digging (6)
 x - a wand of charming (10)
 y - a wand of iceblast (5)
 G - a wand of polymorph (7)
Scrolls
 k - 5 scrolls of enchant armour
 m - a scroll of fear
 p - 11 scrolls of identify
 q - a scroll of teleportation
 t - a scroll of fog
 B - a scroll of enchant weapon
Potions
 b - 2 potions of resistance
 f - 3 potions of brilliance
 h - 5 potions of curing
 j - 2 potions of attraction
 o - 2 potions of haste
 r - 2 potions of lignification
 v - a potion of enlightenment
 w - a potion of invisibility
 C - a potion of might


   Skills:
 + Level 11.7 Fighting
 + Level 11.0 Polearms
 - Level 1.7 Throwing
 - Level 6.0 Armour
 + Level 11.0 Dodging
 + Level 12.1 Invocations


You had 12 spell levels left.
You didn't know any spells.
Your spell library contained the following spells:

 Spells                   Type           Power      Damage    Failure   Level
 Slow                     Hex            0%         N/A       38%         1
 Ensorcelled Hibernation  Hex/Ice        0%         N/A       52%         2
 Call Canine Familiar     Summ           0%         N/A       77%         3
 Confusing Touch          Hex            0%         N/A       77%         3
 Dazzling Flash           Conj/Hex       0%         N/A       77%         3
 Frozen Ramparts          Ice            0%         1d1       77%         3
 Portal Projectile        Hex/Tloc       0%         N/A       77%         3
 Summon Guardian Golem    Hex/Summ       0%         N/A       77%         3
 Tukima's Dance           Hex            0%         N/A       77%         3
 Vampiric Draining        Necr           0%         2d6       77%         3
 Volatile Blastmotes      Fire/Tloc      0%         2d10      77%         3
 Anguish                  Hex/Necr       0%         N/A       99%         4
 Iskenderun's Mystic Bla  Conj/Tloc      0%         2d3       99%         4
 Petrify                  Tmut/Erth      0%         N/A       99%         4
 Metabolic Englaciation   Hex/Ice        0%         N/A       100%        5
 Starburst                Conj/Fire      0%         6d3       100%        6
 Monstrous Menagerie      Summ           0%         N/A       100%        7
 Orb of Destruction       Conj           0%         9d5       100%        7
 Spellforged Servitor     Conj/Summ      0%         N/A       100%        7
 Maxwell's Capacitive Co  Air            0%         ∞         100%        8


Dungeon Overview and Level Annotations

Branches:
Dungeon (13/15)            Temple (1/1) D:7            Lair (0/5) D:10
    Orc (0/2) D:12          Sewer (visited)
 Vaults: D:13-14

Altars:
Ashenzari
Cheibriados
Dithmenos
Fedhas
Gozag
Hepliaklqana
Kikubaaqudgha
Makhleb
Nemelex Xobeh
Okawaru
Qazlal
Ru
Sif Muna
Trog
Uskayaw
Vehumet
Wu Jian
Xom
Yredelemnul

Shops:
D:2 [   D:4 [


Innate Abilities, Weirdness & Mutations

Your life essence is reduced to manifest your ancestor. (-10% HP)
You have hoof-like feet.
You have a pair of horns on your head.
You may rarely emit foul miasma when damaged in melee.
You are partially covered in sharp spines.
You have a small tail.


Message History

The centaur warrior kicks you but does no damage.
Ferran gestures at the centaur warrior while chanting.
The centaur warrior appears confused.
You hit the centaur warrior.
You feel better.
You kick the centaur warrior. You headbutt the centaur warrior!!
The centaur warrior is almost dead.
The centaur warrior hits you.
The centaur warrior kicks you but does no damage.
Unknown command.
You puncture the centaur warrior!
You feel better.
You kill the centaur warrior!
Things that are here:
a +2 heavy shortbow; a centaur corpse Unknown command.
Found a stone staircase leading down.
Unknown command.
You swap places.
Things that are here:
a +2 heavy shortbow; a centaur corpse You now have 2589 gold pieces (gained 10).
You swap places.
Things that are here:
a +2 heavy shortbow; a centaur corpse
There is a stone staircase leading down here.
A centaur warrior comes into view.
A centaur warrior is nearby!
A centaur warrior is nearby!
A centaur warrior is nearby!
The centaur warrior wields a +0 orcbow.
The centaur warrior shoots an arrow.
The arrow hits you!
The centaur warrior shoots an arrow.
The arrow hits you!!
Found a wand of light (7).
Ferran casts a spell at the centaur warrior.
The centaur warrior resists with some effort.
The centaur warrior shoots an arrow.
The arrow hits you!
The centaur warrior shoots an arrow.
The arrow hits you!!
* * * LOW HITPOINT WARNING * * *
The centaur warrior shoots an arrow.
The arrow hits you!
* * * LOW HITPOINT WARNING * * *
The centaur warrior shoots an arrow.
The arrow hits you!!
You die...

#..# #. #..# #. #..# #.
#..# #. #..# #. # #..#
#. ####. #..# #.
......#######..########.
../.c..@.R..............
########################


You could see the friendly Ferran the hexer and a centaur warrior (ally target).

Vanquished Creatures
  3 centaur warriors
  4 two-headed ogres (D:11)
  4 boulder beetles
  5 skeletal warriors
  An orc knight (D:9)
  Pikel (D:5)
  2 deep elf pyromancers
  An ugly thing (D:11)
  4 cyclopes
  2 gargoyles (D:12)
  A kobold demonologist (D:12)
  3 unseen horrors
  A freezing wraith (D:10)
  A komodo dragon (D:11)
  4 trolls
  Grinder (D:4)
  A shadow (D:10)
  5 slime creatures
  A wraith (D:11)
  35 yaks
  3 vampire mosquitoes
  2 acid dragons (D:11)
  Duvessa (D:7)
  A water moccasin (D:8)
  2 ice beasts
  2 orc warriors
  A black bear (D:4)
  3 ogres
  5 centaurs
  A lemure (D:5)
  2 phantoms (D:5)
  4 kobold brigands
  A bullfrog (D:7)
  2 scorpions
  9 wights (D:8)
  Dowan (D:7)
  5 killer bees (D:10)
  6 howler monkeys
  8 jellies
  Crazy Yiuf (D:3)
  9 orc priests
  2 hounds
  2 sleepcaps (D:6)
  23 orc wizards
  8 iguanas
  6 gnolls
  9 adders
  A shadow imp (D:8)
  2 ufetubi (D:5)
  3 worms
  4 dart slugs (D:1)
  43 orcs
  7 ball pythons
  8 endoplasms
  4 giant cockroaches
  5 goblins
  8 hobgoblins
  24 kobolds
  3 quokkas
  14 bats
  4 frilled lizards
  11 rats
340 creatures vanquished.

Vanquished Creatures (collateral kills)
  A two-headed ogre (D:11)
  An orc knight (D:11)
  4 cyclopes
  A deep elf pyromancer (D:11)
  A gargoyle (D:11)
  A slime creature (D:12)
  4 yaks (D:10)
  A basilisk (D:11)
  An acid dragon (D:9)
  A centaur (D:9)
  A howler monkey (D:11)
  An orc priest (D:12)
  2 orc wizards (D:10)
  5 orcs
  A kobold (D:9)
26 creatures vanquished.

Vanquished Creatures (others)
  5 ancestors
  5 hexers
  A butterfly (D:8)
11 creatures vanquished.

Grand Total: 377 creatures vanquished

Notes
Turn   | Place    | Note
-------+----------+-------------------------------------------
     0 | D:1      | Demosthentine the Demonspawn Gladiator began the quest for
                  | the Orb.
     0 | D:1      | Reached XP level 1. HP: 16/16 MP: 1/1
   139 | D:1      | Gained mutation: You are partially covered in sharp spines.
                  | [demonic ancestry]
   139 | D:1      | Reached XP level 2. HP: 16/22 MP: 2/2
   493 | D:1      | Reached skill level 1 in Armour
   564 | D:1      | Discovered your monstrous ancestry.
   564 | D:1      | Gained mutation: You have large cloven feet. [demonic
                  | ancestry]
   564 | D:1      | Reached XP level 3. HP: 28/28 MP: 3/3
  1000 | D:2      | Gained mutation: You have a small tail. [demonic ancestry]
  1000 | D:2      | Reached XP level 4. HP: 31/34 MP: 4/4
  1286 | D:2      | Found Etudexav's Antique Armour Shoppe.
  1477 | D:2      | Identified a scroll of acquirement
  1477 | D:2      | Acquired 690 gold pieces
  1611 | D:3      | Found a glowing drain.
  1624 | Sewer    | Entered a sewer
  1837 | Sewer    | Noticed a kobold brigand
  1845 | Sewer    | Killed a kobold brigand
  1846 | Sewer    | Gained mutation: You have hoof-like feet. [demonic
                  | ancestry]
  1846 | Sewer    | Reached XP level 5. HP: 28/41 MP: 5/5
  2200 | D:3      | Found a runed translucent door.
  2201 | D:3      | Noticed Crazy Yiuf
  2607 | D:3      | Killed Crazy Yiuf
  2670 | D:4      | Reached XP level 6. HP: 11/47 MP: 6/6
  2695 | D:4      | Noticed an orc warrior
  2735 | D:4      | Killed an orc warrior
  2816 | D:4      | Found Kasuran's Armour Emporium.
  2822 | D:4      | Bought the +1 leather armour "Cyul" {rF+ rN+ Int+2 SInv}
                  | for 336 gold pieces
  2868 | D:4      | Found a basalt altar of Yredelemnul.
  3116 | D:4      | Gained mutation: You may rarely emit foul miasma when
                  | damaged in melee. [demonic ancestry]
  3116 | D:4      | Reached XP level 7. HP: 35/54 MP: 7/7
  3224 | D:4      | Found a shimmering blue altar of Sif Muna.
  3383 | D:4      | Noticed Grinder
  3403 | D:4      | Killed Grinder
  3587 | D:5      | Entered Level 5 of the Dungeon
  3846 | D:5      | Reached skill level 5 in Fighting
  3846 | D:5      | Reached skill level 5 in Polearms
  3846 | D:5      | Reached skill level 5 in Dodging
  3846 | D:5      | Gained mutation: You have a pair of small horns on your
                  | head. [demonic ancestry]
  3846 | D:5      | Reached XP level 8. HP: 44/62 MP: 8/8
  4057 | D:2      | Bought a pair of ancient gloves for 256 gold pieces
  4057 | D:2      | Identified the +0 pair of gloves of Dyulud {Dex+2} (You
                  | bought it in a shop on level 2 of the Dungeon)
  4333 | D:5      | Noticed Pikel
  4352 | D:5      | Killed Pikel
  4353 | D:5      | Reached skill level 5 in Armour
  4795 | D:5      | Found an ancient bone altar of Kikubaaqudgha.
  4809 | D:5      | Reached XP level 9. HP: 63/69 MP: 9/9
  5275 | D:6      | Found the +18 Lear's hauberk
  5937 | D:7      | Found a staircase to the Ecumenical Temple.
  5939 | D:7      | Noticed Duvessa
  5939 | D:7      | Noticed Dowan
  5952 | D:7      | Killed Duvessa
  5955 | D:7      | Killed Dowan
  6852 | D:7      | Found a blossoming altar of Fedhas.
  6925 | Temple   | Entered the Ecumenical Temple
  7051 | Temple   | Became a worshipper of Hepliaklqana the Forgotten
  7086 | D:8      | Reached skill level 1 in Invocations
  7272 | D:8      | Reached skill level 2 in Invocations
  7399 | D:8      | Got Sif Muna's Excursus on Rallying
  7633 | D:8      | Found the +8 demon blade "Leech" {evervamp, Harm Drain rN+}
  7669 | D:8      | Found an ornate altar of the Wu Jian Council.
  7722 | D:8      | Reached * piety under Hepliaklqana
  7784 | D:8      | Gained mutation: You have a pair of horns on your head.
                  | [demonic ancestry]
  7784 | D:8      | Reached XP level 10. HP: 70/71 MP: 10/12
  7830 | D:8      | Reached skill level 3 in Invocations
  7896 | D:8      | Noticed a centaur warrior
  8581 | D:8      | Killed a centaur warrior
  8582 | D:8      | Reached skill level 4 in Invocations
  9080 | D:9      | Reached skill level 5 in Invocations
  9284 | D:9      | Found a runed translucent door.
  9347 | D:9      | Noticed an orc knight
  9393 | D:9      | Found an iron altar of Okawaru.
  9856 | D:9      | Killed an orc knight
  9857 | D:9      | Reached skill level 6 in Invocations
 10069 | D:10     | Entered Level 10 of the Dungeon
 10077 | D:10     | Noticed a deep elf pyromancer
 10085 | D:10     | Killed a deep elf pyromancer
 10091 | D:10     | Reached XP level 11. HP: 61/78 MP: 15/15
 10108 | D:10     | Found a sacrificial altar of Ru.
 10147 | D:10     | Found an opulent altar of Gozag.
 10153 | D:10     | Found an opulent altar of Gozag.
 10158 | D:10     | Found an opulent altar of Gozag.
 10168 | D:10     | Found an opulent altar of Gozag.
 10230 | D:10     | Reached skill level 7 in Invocations
 10305 | D:10     | Found a sparkling altar of Nemelex Xobeh.
 10512 | D:10     | Reached skill level 8 in Invocations
 10714 | D:10     | Found a staircase to the Lair.
 10725 | D:10     | Reached ** piety under Hepliaklqana
 10726 | D:10     | Remembered your ancestor Ferran as a hexer
 10764 | D:10     | Found a broken altar of Ashenzari.
 11268 | D:11     | Noticed a deep elf pyromancer
 11275 | D:11     | Killed a deep elf pyromancer
 11276 | D:11     | Reached skill level 10 in Fighting
 11276 | D:11     | Reached skill level 9 in Invocations
 11314 | D:11     | Noticed an orc knight
 11326 | D:11     | Killed an orc knight
 11345 | D:11     | Noticed a two-headed ogre
 11352 | D:11     | Killed a two-headed ogre
 11361 | D:11     | Reached XP level 12. HP: 87/87 MP: 17/19
 11534 | D:11     | Reached *** piety under Hepliaklqana
 12133 | D:11     | Noticed a two-headed ogre
 12138 | D:11     | Killed a two-headed ogre
 12139 | D:11     | Reached skill level 10 in Invocations
 12150 | D:11     | Acquired 871 gold pieces
 12153 | D:11     | Acquired the ring "Jusicwel" {rC+ Str+3 Slay+4}
 12157 | D:11     | Acquired 860 gold pieces
 12177 | D:12     | Noticed a two-headed ogre
 12181 | D:12     | Noticed a boulder beetle
 12182 | D:12     | Noticed a two-headed ogre
 12183 | D:12     | Noticed a two-headed ogre
 12192 | D:11     | Killed a two-headed ogre
 12193 | D:11     | Reached skill level 10 in Polearms
 12193 | D:11     | Reached skill level 10 in Dodging
 12214 | D:11     | Killed a two-headed ogre
 12231 | D:11     | Killed a boulder beetle
 12347 | D:11     | HP: 4/89 [troll (10)]
 12529 | D:12     | Reached skill level 11 in Invocations
 12575 | D:11     | Killed a two-headed ogre
 12789 | D:12     | Reached XP level 13. HP: 95/95 MP: 21/21
 13106 | D:12     | Found a staircase to the Orcish Mines.
 13271 | D:13     | Reached skill level 12 in Invocations
 13394 | D:13     | Reached **** piety under Hepliaklqana
 13491 | D:13     | Shot with an arrow by a centaur warrior

Illustrated notes

Levels and vault maps discovered:
D:1:      giann_bridges, layout_basic
D:2:      layout_loops_cross, serial_shops, shop, minmay_vboxes
D:3:      layout_basic, portal_sewer_entry_a, kennysheep_boxes,
          uniq_crazy_yiuf_cottage
D:4:      layout_loops_ring, led_sif_book, kennysheep_mini_moat, serial_shops,
          shop, hangedman_decor_opposing, uniq_grinder
D:5:      mumra_celtic_spiral_tile, layout_basic,
          mainiacjoe_overflow_cross_hatched, st_stairs_1, uniq_pikel
D:6:      layout_cave_pools
D:7:      layout_basic, fedhas_altar_4, minmay_temple_entry_large_hall,
          hangedman_decor_diamond_cutter, uniq_duvessa
D:8:      minmay_cornered_nines, layout_cave_pools,
          nicolae_elyvilon_peaceful_grove, nicolae_wu_jian_wuxing_cycle,
          mainiacjoe_overflow_alcove_4, dreamdust_deal_with_the_devil,
          kennysheep_generic_room_13
D:9:      layout_cave_pods, okawaru_altar_gauntlet_db, lightli_church_of_beogh
D:10:     layout_cross, mainiacjoe_overflow_tiny_flanked,
          mainiacjoe_overflow_surrounded_room,
          nicolae_gozag_conspicuous_consumption, nicolae_overflow_hidden_temple,
          dpeg_oklobed_lair, grunt_potential
D:11:     kennysheep_six_static_rooms, layout_stronghold, kb_rosetta
D:12:     layout_rooms, orc_0_dummy, st_stairs_13, minmay_increasing_density
D:13:     layout_long_grid, david_vaults_5, uniq_erolcha, uniq_josephine
Temple:   nicolae_temple_two_arcs

Skill      XL: |  1  2  3  4  5  6  7  8  9 10 11 12 13 |
---------------+----------------------------------------+-----
Polearms       | 3 4 5 6 7 8 9 10 11 | 11.0
Armour         | 1 2 3 4 5 6 |  6.0
Dodging        | 3 4 5 6 7 8 9 10 11 | 11.0
Fighting       | 3 4 5 6 7 8 10 11 | 11.7
Invocations    | 2 6 9 11 12 | 12.1
Throwing       | |  1.7

Action                     |  1- 3 |  4- 6 |  7- 9 | 10-12 | 13-15 || total
---------------------------+-------+-------+-------+-------+-------++-------
  Melee: Trident           |    72 |   151 |   315 |   586 |    64 ||  1188
         Kick              |     4 |    31 |    94 |   193 |    31 ||   353
         Tailslap          |       |    13 |    44 |    83 |    14 ||   154
         Punch             |       |     1 |     3 |    10 |     3 ||    17
         Headbutt          |       |       |    40 |   112 |    20 ||   172
  Throw: Throwing net      |       |     4 |       |     1 |       ||     5
 Invoke: Recall Ancestor   |       |       |       |     2 |       ||     2
         Ancestor Life: He |       |       |       |     1 |       ||     1
    Use: Scroll            |     3 |     8 |    10 |    12 |       ||    33
         Potion            |       |     2 |       |     8 |       ||    10
   Stab: Sleeping          |     2 |     4 |     1 |     3 |       ||    10
         Held in net/web   |       |     1 |       |     1 |       ||     2
         Invisible         |       |     2 |       |       |       ||     2
         Distracted        |       |       |     1 |     6 |       ||     7
         Confused          |       |       |       |     5 |     1 ||     6
 Armour: Leather armour    |    11 |    31 |    40 |    50 |     9 ||   141
  Dodge: Dodged            |    22 |    53 |   162 |   237 |    20 ||   494

Table legend: (Time is in decaauts)
 A = Elapsed time spent in this place.
 B = Non-inter-level travel time spent in this place.
 C = Inter-level travel time spent in this place.
 D = Time resting spent in this place.
 E = Time spent auto-exploring this place.
 F = Levels seen in this place.
 G = Mean time per level.
                   A        B        C        D        E       F      G
               +--------+--------+--------+--------+--------+-----+--------+
         Total |  13414 |  12729 |    685 |   1031 |   9329 |  15 |  894.3 |
       Dungeon |  12910 |  12226 |    684 |   1031 |   8993 |  13 |  993.1 |
        Temple |    136 |    136 |      0 |      0 |    104 |   1 |  136.0 |
         Sewer |    367 |    367 |      0 |      0 |    231 |   1 |  367.0 |
               +--------+--------+--------+--------+--------+-----+--------+

Top non-repeatable levels by time:
     D:7: 1763 daAuts
    D:11: 1647 daAuts
     D:5: 1484 daAuts
     D:8: 1178 daAuts
     D:9: 1093 daAuts
     D:4: 1025 daAuts
     D:1: 862 daAuts
    D:10: 848 daAuts
     D:2: 805 daAuts
     D:3: 723 daAuts
     D:6: 657 daAuts
    D:12: 597 daAuts
   Sewer: 367 daAuts
    D:13: 222 daAuts
  Temple: 136 daAuts
